 Dungeon Crawl Stone Soup version 0.27-a0-1193-g8631133539 (webtiles) character file.

Game seed: 8086385572453849979

21 Strat the Vexing (level 2, -3/24 HPs)
             Began as a Ghoul Arcane Marksman on May 26, 2021.
             Slain by a gnoll
             ... wielding a +0 flail
              (8 damage)
             ... on level 1 of the Dungeon.
             The game lasted 00:02:01 (1813 turns).

Strat the Vexing (Ghoul Arcane Marksman)            Turns: 1813, Time: 00:02:01

Health: -3/24      AC:  5    Str: 13    XL:     2   Next: 83%
Magic:  2/2        EV: 10    Int:  8    God:
Gold:   31         SH:  0    Dex:  9    Spells: 0/3 levels left

rFire    . . .     SeeInvis .     - Unarmed
rCold    + . .     Faith    .   (no shield)
rNeg     + + +     Spirit   .   f - +0 ring mail
rPois    ∞         Reflect  .   (no helmet)
rElec    .         Harm     .   (no cloak)
rCorr    .         Rampage  .   (no gloves)
Will     .....                  (no boots)
Stlth    ..........             (no amulet)
HPRegen  0.00/turn              (no ring)
MPRegen  0.08/turn              (no ring)

@: no status effects
A: claws 1, cold resistance 1, negative energy resistance 3, inhibited
regeneration, torment resistance 2
a: no special abilities


You were on level 1 of the Dungeon.
You visited 1 branch of the dungeon, and saw 2 of its levels.

You collected 31 gold pieces.

Inventory:

Missiles
 c - 5 javelins (quivered)
 d - 2 throwing nets
 e - 13 poisoned darts
 h - 15 stones
Armour
 a - a +0 robe
 f - a +0 ring mail (worn)
Scrolls
 b - a scroll of vulnerability {unknown}
Potions
 g - a potion of heal wounds {unknown}
 i - a potion of invisibility {unknown}


   Skills:
 + Level 2.2 Fighting
 - Level 1.7 Throwing
 - Level 1.7 Dodging
 + Level 1.7 Unarmed Combat
 - Level 1.0 Spellcasting
 - Level 2.4 Hexes


You couldn't memorise any spells.
You knew the following spells:

 Your Spells              Type           Power      Damage    Failure   Level
a - Corona                Hex            4%         N/A       32%         1
b - Slow                  Hex            4%         N/A       45%         2

Your spell library contained the following spells:

 Spells                   Type           Power      Damage    Failure   Level
 Inner Flame              Hex/Fire       2%         N/A       85%         3
 Portal Projectile        Hex/Tloc       4%         N/A       85%         3
 Cause Fear               Hex            2%         N/A       97%         4
 Leda's Liquefaction      Hex/Erth       1%         N/A       99%         4


Dungeon Overview and Level Annotations

Branches:
Dungeon (2/15)

Altars:


Innate Abilities, Weirdness & Mutations

You thrive by killing the living.
You are immune to poison.
You have sharp fingernails.
Your flesh is cold resistant. (rC+)
You are immune to negative energy. (rN+++)
You do not regenerate when monsters are visible.
You are immune to unholy pain and torment.


Message History

The jackal barely misses you.
You closely miss the jackal.
The jackal is heavily wounded.
The jackal bites you.
You scratch the jackal.
You kill the jackal!
No target in view!
You start resting.
HP restored.
There is an open door here.
You see here a +0 short sword.
There is a stone staircase leading down here.
You climb downwards.
The gnoll shouts!
You hear a shout!
The bat barely misses you. The gnoll misses you.
There is a stone staircase leading up here.
The bat hits you but does no damage. The gnoll hits you with a +0 flail.
You climb upwards.
There is a stone staircase leading down here.
You scratch the gnoll.
The gnoll is moderately wounded.
The gnoll hits you with a +0 flail!
* * * LOW HITPOINT WARNING * * *
You scratch the gnoll but do no damage.
The gnoll is moderately wounded.
The gnoll closely misses you.
You completely miss the gnoll.
The gnoll is moderately wounded.
The gnoll barely misses you.
You scratch the gnoll but do no damage.
The gnoll is moderately wounded.
The gnoll closely misses you.
You barely miss the gnoll.
The gnoll is moderately wounded.
The gnoll hits you with a +0 flail!
* * * LOW HITPOINT WARNING * * *
You scratch the gnoll but do no damage.
The gnoll is moderately wounded.
The gnoll hits you with a +0 flail!
You die...

..# ..# ..# ..#
..# ..## ...#
#####
...#######...#####
...'.........'.g@#
...##.###....#####
...##.# #....#
...##.# #....#
...##.# #....#
...##.# #....#
...##.# #....#
...##.# #....#
...##.# #....#


You could see a gnoll.

Vanquished Creatures
  4 hobgoblins
  3 jackals (D:1)
  3 kobolds
  A quokka (D:1)
  2 ball pythons (D:1)
  2 bats (D:1)
  A frilled lizard (D:1)
  5 rats
21 creatures vanquished.

Notes
Turn   | Place    | Note
-------+----------+-------------------------------------------
     0 | D:1      | Strat the Ghoul Arcane Marksman began the quest for the
                  | Orb.
     0 | D:1      | Reached XP level 1. HP: 16/16 MP: 1/1
   236 | D:1      | Reached skill level 1 in Unarmed Combat
   395 | D:1      | Reached XP level 2. HP: 10/24 MP: 2/2
  1033 | D:1      | Learned a level 2 spell: Slow
  1813 | D:1      | Slain by a gnoll

Illustrated notes

Levels and vault maps discovered:
D:1:      sevenhm_arrival_forest_fort_small_3, layout_basic, minmay_pentomino_p2
D:2:      layout_basic, serial_shops, nicolae_shop_stone, basic_ecumenical_altar

Skill      XL: |  1  2 |
---------------+-------+-----
Unarmed Combat | 1 |  1.7
Fighting       | 2 |  2.2
Throwing       | |  1.7
Dodging        | |  1.7
Spellcasting   | |  1.0
Hexes          | |  2.4

Action                   || total
-------------------------++-------
Melee: Unarmed           ||    97
Armor: Robe              ||     9
       Ring mail         ||    13
Dodge: Dodged            ||    68

Table legend: (Time is in decaauts)
 A = Elapsed time spent in this place.
 B = Non-inter-level travel time spent in this place.
 C = Inter-level travel time spent in this place.
 D = Time resting spent in this place.
 E = Time spent auto-exploring this place.
 F = Levels seen in this place.
 G = Mean time per level.
                   A        B        C        D        E       F      G
               +--------+--------+--------+--------+--------+-----+--------+
         Total |   1814 |   1649 |    165 |    485 |    895 |   2 |  907.0 |
       Dungeon |   1814 |   1649 |    165 |    485 |    895 |   2 |  907.0 |
               +--------+--------+--------+--------+--------+-----+--------+

Top non-repeatable levels by time:
     D:1: 1642 daAuts
     D:2: 171 daAuts
